 Dungeon Crawl Stone Soup version 0.29-a0-369-gd956c00756 (webtiles) character file.

Game seed: 17643706822400299210

673 Antichthon the Cudgeller (level 7, -2/44 HPs)
             Began as a Gargoyle Fighter on May 1, 2022.
             Slain by a wight
             ... wielding a +5 halberd
              (9 damage)
             ... on level 5 of the Dungeon.
             The game lasted 00:05:43 (4438 turns).

Antichthon the Cudgeller (Gargoyle Fighter)         Turns: 4438, Time: 00:05:44

Health: -2/44      AC: 15    Str: 21    XL:     7   Next: 59%
Magic:  8/8        EV: 10    Int:  9    God:
Gold:   208        SH:  5    Dex: 15    Spells: 6/6 levels left

rFire   . . .      SeeInvis .   a - +0 flail (vorpal)
rCold   . . .      Faith    .   c - +0 buckler
rNeg    + . .      Spirit   .   b - +0 scale mail
rPois   ∞          Reflect  .   (no helmet)
rElec   +          Harm     .   (no cloak)
rCorr   .          Rampage  .   (no gloves)
Will    .....                   k - +2 pair of boots
Stlth   ..........              (no amulet)
HPRegen 0.14/turn               m - +6 ring of dexterity
MPRegen 0.11/turn               (no ring)

@: no status effects
A: sickness immunity, AC +4, negative energy resistance 1, electricity
resistance, torment resistance 1, petrification resistance
a: no special abilities


You were on level 5 of the Dungeon.
You visited 1 branch of the dungeon, and saw 6 of its levels.

You collected 208 gold pieces.

Inventory:

Hand Weapons
 a - a +0 vorpal flail (weapon)
Armour
 b - a +0 scale mail (worn)
 c - a +0 buckler (worn)
 k - a +2 pair of boots (worn)
Jewellery
 e - a ring of fire
 j - an amulet of magic regeneration
 m - a +6 ring of dexterity (left hand)
Wands
 o - a wand of mindburst (7)
 q - a wand of paralysis (9)
Scrolls
 n - a scroll of teleportation
 p - a scroll of immolation {unknown}
 r - 2 scrolls of enchant weapon {unknown}
Potions
 d - 2 potions of might
 f - a potion of invisibility
 g - a potion of magic {unknown}
 h - a potion of curing {unknown}
 i - 2 potions of heal wounds {unknown}
 l - a potion of attraction {unknown}


   Skills:
 * Level 4.3 Fighting
 * Level 5.4 Maces & Flails
 * Level 4.9 Armour
 * Level 2.0 Dodging
 * Level 4.2 Shields
 * Level 2.2 Invocations


You had 6 spell levels left.
You didn't know any spells.
Your spell library contained the following spells:

 Spells                   Type           Power      Damage    Failure   Level
 Shock                    Conj/Air       0%         1d3       80%         1
 Blink                    Tloc           0%         N/A       91%         2
 Lesser Beckoning         Tloc           0%         N/A       99%         3
 Swiftness                Air            0%         N/A       99%         3
 Airstrike                Air            0%         N/A       100%        4
 Fireball                 Conj/Fire      0%         3d3       100%        5
 Iskenderun's Battlesphe  Conj           0%         2d6       100%        5
 Manifold Assault         Tloc           0%         N/A       100%        5
 Conjure Ball Lightning   Conj/Air       0%         3x3d6     100%        6
 Orb of Destruction       Conj           0%         9d5       100%        7


Dungeon Overview and Level Annotations

Branches:
Dungeon (6/15)
 Temple: D:4-7

Altars:
Elyvilon
Gozag
Uskayaw
Xom
Zin


Innate Abilities, Weirdness & Mutations

You are immune to sickness and miasma.
Your stone body is resilient. (AC +4)
You are immune to poison.
You resist negative energy. (rN+)
You are resistant to electric shocks. (rElec)
You are resistant to unholy torment.
You are immune to petrification.


Message History

The wight is lightly damaged.
The wight hits you but does no damage.
You sock the wight!
The wight is severely damaged.
The wight hits you but does no damage. The wight hits you with a +1 hand axe.
You hit the wight.
The wight is almost destroyed.
You block the wight's attack.
You hit the wight but do no damage.
The wight is almost destroyed.
The wight hits you with a +1 hand axe.
You barely miss the wight.
The wight is almost destroyed.
The wight hits you but does no damage.
You closely miss the wight.
The wight is almost destroyed.
The wight hits you but does no damage.
You hit the wight.
You destroy the wight!
You now have 208 gold pieces (gained 11).
Things that are here:
a +1 hand axe; a +0 robe Search for what [Enter for "armour", or ? for help]? mace A wight comes into view.
It is wielding a +5 halberd.
Things that are here:
a +0 club; a +0 leather armour
Items here: )) [ †.
Things that are here:
a +0 trident; a +0 robe A dart slug comes into view.
Items here: )) [ †.
Things that are here:
a +0 club; a +0 leather armour A wight is nearby!
The wight hits you from afar with a +5 halberd.
The wight barely misses you.
You closely miss the wight. The wight hits you with a +5 halberd!
* * * LOW HITPOINT WARNING * * *
The wight hits you with a +5 halberd!
You die...

###z#####
........#
#z# #@#
#.# #.#
#)# #.#
#)# #)#
#####.#
...#.#


You could see a wight.

Vanquished Creatures
  2 black bears (D:4)
  A phantom (D:5)
  A bullfrog (D:4)
  2 wights (D:5)
  A jelly (D:3)
  An orc priest (D:5)
  2 iguanas (D:4)
  3 adders
  3 worms (D:2)
  3 dart slugs
  7 orcs
  9 ball pythons
  8 bats
  9 endoplasms
  3 giant cockroaches
  9 goblins
  8 hobgoblins
  4 jackals (D:1)
  4 quokkas
  3 frilled lizards
  10 kobolds
  15 rats
108 creatures vanquished.

Notes
Turn   | Place    | Note
-------+----------+-------------------------------------------
     0 | D:1      | Antichthon the Gargoyle Fighter began the quest for the
                  | Orb.
     0 | D:1      | Reached XP level 1. HP: 14/14 MP: 1/1
   117 | D:1      | Reached XP level 2. HP: 19/19 MP: 2/2
   707 | D:1      | Reached XP level 3. HP: 23/23 MP: 3/3
  1950 | D:2      | Found a faded altar of an unknown god.
  1986 | D:2      | Reached XP level 4. HP: 28/28 MP: 4/4
  2019 | D:2      | Reached skill level 3 in Maces & Flails
  2111 | D:2      | Reached skill level 1 in Dodging
  2600 | D:3      | Found a glowing silver altar of Zin.
  2601 | D:3      | Found an opulent altar of Gozag.
  2724 | D:3      | Found a shimmering altar of Xom.
  2724 | D:3      | Found a shimmering altar of Xom.
  2753 | D:3      | Found a hide-covered altar of Uskayaw.
  2862 | D:3      | Reached XP level 5. HP: 28/33 MP: 5/5
  2880 | D:3      | Reached skill level 1 in Invocations
  2922 | D:3      | Found a white marble altar of Elyvilon.
  3291 | D:4      | Noticed a black bear
  3295 | D:4      | Reached skill level 4 in Maces & Flails
  3307 | D:4      | Killed a black bear
  3308 | D:4      | Reached XP level 6. HP: 14/38 MP: 5/7
  3677 | D:4      | Noticed a black bear
  3706 | D:4      | Killed a black bear
  3915 | D:4      | Reached XP level 7. HP: 36/43 MP: 8/8
  4106 | D:4      | You fall into a shaft and drop 2 floors!
  4106 | D:6      | Noticed a cyclops
  4245 | D:5      | Entered Level 5 of the Dungeon
  4279 | D:5      | Reached skill level 5 in Maces & Flails
  4438 | D:5      | Slain by a wight

Illustrated notes

Levels and vault maps discovered:
D:1:      dpeg_arrival_ratfight, layout_loops_corners, minmay_unequal
D:2:      layout_rooms, shapermc_ecumenical_altar_acropolis, minmay_hedge_maze,
          minmay_misc_feat_four_crosses, corexii_hall_statues_l
D:3:      layout_basic, grunt_temple_overflow_gold_and_silver, xom_redecorated,
          nicolae_overflow_crystal_walls, nicolae_uskayaw_dance_hall
D:4:      layout_cave_pods, minmay_manual_mess
D:5:      layout_loops_ring, nicolae_shop_unique_rings, wad_floor_pattern_2,
          uniq_blork_the_orc
D:6:      layout_basic, minmay_temple_entry_waves, kennysheep_generic_room_6

Skill      XL: |  1  2  3  4  5  6  7 |
---------------+----------------------+-----
Maces & Flails | 3 4 5 |  5.4
Dodging        | 1 2 |  2.0
Invocations    | 1 2 |  2.2
Armour         | 4 |  4.9
Fighting       | 4 |  4.3
Shields        | 4 |  4.2

Action                   |  1- 3 |  4- 6 |  7- 9 || total
-------------------------+-------+-------+-------++-------
Melee: Flail             |   152 |   147 |    57 ||   356
  Use: Scroll            |     3 |     3 |     1 ||     7
Armor: Scale mail        |   101 |   103 |    37 ||   241
Dodge: Dodged            |    79 |    91 |    27 ||   197
Block: Buckler           |    34 |    52 |    15 ||   101

Table legend: (Time is in decaauts)
 A = Elapsed time spent in this place.
 B = Non-inter-level travel time spent in this place.
 C = Inter-level travel time spent in this place.
 D = Time resting spent in this place.
 E = Time spent auto-exploring this place.
 F = Levels seen in this place.
 G = Mean time per level.
                   A        B        C        D        E       F      G
               +--------+--------+--------+--------+--------+-----+--------+
         Total |   4535 |   4431 |    104 |    201 |   3226 |   6 |  755.8 |
       Dungeon |   4535 |   4431 |    104 |    201 |   3226 |   6 |  755.8 |
               +--------+--------+--------+--------+--------+-----+--------+

Top non-repeatable levels by time:
     D:1: 1909 daAuts
     D:4: 941 daAuts
     D:2: 697 daAuts
     D:3: 647 daAuts
     D:5: 199 daAuts
     D:6: 140 daAuts
